 Dungeon Crawl Stone Soup version 0.30.1-11-g7821555f0a (webtiles) character file.

Game seed: 11534536253202509848

32217 pkoi the Devastator (level 13, -1/102 HPs)
             Began as a Pale Draconian Conjurer on Nov 16, 2023.
             Was a High Priest of Vehumet.
             Slain by a cane toad (7 damage)
             ... while petrified by a basilisk
             ... on level 5 of the Lair of Beasts.
             The game lasted 00:33:18 (18763 turns).

pkoi the Devastator (Pale Draconian Conjurer)      Turns: 18763, Time: 00:33:19

Health: -1/102     AC: 10    Str: 10    XL:     13   Next: 30%
Magic:  20/22      EV:  2    Int: 35    God:    Vehumet [*****.]
Gold:   886        SH:  0    Dex: 10    Spells: 8/24 levels left

rFire   . . .        s - +9 spear "Fecriw" {venom, *Noise rN+ Int+6}
rCold   . . .        (no shield)
rNeg    + + +        (body armour unavailable)
rPois   ∞            H - +1 hat {SInv}
rElec   +            l - scarf {repulsion}
rCorr   .            (no gloves)
SInv    +            N - +0 pair of boots
Will    .....        I - amulet of magic regeneration
Stlth   +++          i - +6 ring of intelligence
HPRegen 0.37/turn    L - ring "Oheafim" {rElec rN+}
MPRegen 0.58/turn

%: repel missiles
@: petrified
A: breathe steam, AC +8, unfitting armour, cold-blooded, steam resistance
a: Breathe Steam, Renounce Religion


You were on level 5 of the Lair of Beasts.
You worshipped Vehumet.
Vehumet was extremely pleased with you.
You visited 3 branches of the dungeon, and saw 15 of its levels.

You collected 886 gold pieces.

Inventory:

Hand Weapons
 j - a +4 dagger
 s - the +9 spear "Fecriw" (weapon) {venom, *Noise rN+ Int+6}
   (You took it off Robin on level 2 of the Dungeon)

   Int:       It affects your intelligence (+6).
   rN:        It protects you from negative energy.
   *Noise:    It may make noises in combat.
Missiles
 J - 2 throwing nets
Armour
 l - a scarf of repulsion (worn)
 H - a +1 hat of see invisible (worn)
 N - a +0 pair of boots (worn)
Magical Staves
 b - a staff of fire
Jewellery
 g - a ring of flight
 i - a +6 ring of intelligence (left hand)
 n - a ring of fire
 C - a ring of ice
 I - an amulet of magic regeneration (around neck)
 L - the ring "Oheafim" (right hand) {rElec rN+}
   (You found it on level 3 of the Lair of Beasts)

   [ring of positive energy]

   rElec:     It insulates you from electricity.
   rN:        It protects you from negative energy.
Wands
 d - a wand of light (6)
 k - a wand of paralysis (5)
 u - a wand of polymorph (7)
 v - a wand of flame (29)
 z - a wand of iceblast (12)
Scrolls
 f - a scroll of fear {unknown}
 o - 2 scrolls of magic mapping
 y - 4 scrolls of teleportation
 A - 3 scrolls of fog
 D - a scroll of blinking
 E - a scroll of brand weapon
 F - 3 scrolls of enchant weapon
 K - a scroll of enchant armour
Potions
 a - a potion of magic
 c - 3 potions of cancellation
 e - 2 potions of heal wounds
 h - 2 potions of attraction
 m - 3 potions of invisibility
 p - 3 potions of curing
 q - a potion of resistance
 r - a potion of ambrosia
 t - a potion of flight
 w - 2 potions of lignification
 x - 2 potions of berserk rage
 B - a potion of brilliance
 G - 2 potions of might
 M - a potion of haste {unknown}


   Skills:
 - Level 6.0 Fighting
 - Level 6.0 Dodging
 - Level 6.0 Stealth
 - Level 6.0 Spellcasting
 + Level 17.7 Conjurations
 - Level 6.0 Hexes
 - Level 6.0 Translocations


You had 8 spell levels left.
You knew the following spells:

 Your Spells              Type           Power      Damage    Failure   Level
a - Magic Dart            Conj           100%       1d8       0%          1
b - Searing Ray           Conj           100%       2d8       0%          2
c - Iskenderun's Mystic   Conj/Tloc      76%        2d15      1%          4
d - Iskenderun's Battles  Conj           94%        2d14      1%          5
e - Fulminant Prism       Conj/Hex       38%        3d18      1%          4

Your spell library contained the following spells:

 Spells                   Type           Power      Damage    Failure   Level
 Yara's Violent Unravell  Hex/Tmut       15%        3d8       9%          5
 Ensorcelled Hibernation  Hex/Ice        62%        N/A       1%          2
 Dazzling Flash           Conj/Hex       100%       N/A       1%          3
 Freezing Cloud           Conj/Ice/Air   25%        6-21      2%          5
 Necrotise                Necr           40%        1d6       3%          1
 Ignite Poison            Fire/Tmut/Pois 10%        N/A       3%          3
 Conjure Ball Lightning   Conj/Air       32%        3x3d10    4%          6
 Iron Shot                Conj/Erth      32%        9d7       4%          6
 Cigotuvi's Dreadful Rot  Necr/Pois/Air  20%        N/A       5%          2
 Passwall                 Tmut/Erth      8%         N/A       5%          2
 Swiftness                Air            10%        N/A       11%         3
 Vampiric Draining        Necr           10%        2d6       11%         3
 Spellforged Servitor     Conj/Summ      32%        N/A       21%         7
 Animate Dead             Necr           10%        N/A       36%         4
 Agony                    Necr           10%        N/A       71%         5
 Haunt                    Necr/Summ      5%         N/A       100%        7
 Discord                  Hex            25%        N/A       100%        8
 Disjunction              Tloc           25%        N/A       100%        8
 Infestation              Necr           5%         N/A       100%        8


Dungeon Overview and Level Annotations

Branches:
Dungeon (9/15)             Temple (1/1) D:5            Lair (5/5) D:9
 Shoals (0/4) Lair:2        Snake (0/4) Lair:3
  Slime: Lair:4-5       Orc: D:9-12

Altars:
Ashenzari
Cheibriados
Dithmenos
Elyvilon
Fedhas
Gozag
Hepliaklqana
Makhleb
Nemelex Xobeh
Okawaru
Qazlal
Ru
Sif Muna
Trog
Uskayaw
Vehumet
Wu Jian
Xom
Yredelemnul
Zin
The Shining One

Shops:
D:1 :*   D:4 *

Annotations:
D:7 Prince Ribbit


Innate Abilities, Weirdness & Mutations

You can breathe blasts of scalding, opaque steam.
Your pale cyan-grey scales are hard. (AC +8)
You cannot fit into any form of body armour.
You are cold-blooded and may be slowed by cold attacks.
You are immune to the effects of steam.


Message History

Your fulminant prism explodes!
The blast of energy engulfs the basilisk!!
The basilisk is almost dead.
The blast of energy engulfs the cane toad!!
The cane toad is almost dead.
The cane toad stings you!
The basilisk bites you but does no damage.
The cane toad stings you! The komodo dragon bites you! The basilisk bites you.
The cane toad completely misses you. The komodo dragon bites you.
The basilisk bites you but does no damage.
The cane toad stings you but does no damage.
The seven-headed hydra barely misses you.
The seven-headed hydra bites you.
The seven-headed hydra bites you but does no damage. x2
The seven-headed hydra bites you. x2
The seven-headed hydra bites you but does no damage.
The komodo dragon bites you! The cane toad stings you! The basilisk bites you!
The cane toad stings you!
The seven-headed hydra bites you but does no damage.
The seven-headed hydra bites you. The seven-headed hydra bites you! x3
The seven-headed hydra bites you. The seven-headed hydra bites you!
The komodo dragon bites you. The cane toad stings you!
* * * LOW HITPOINT WARNING * * *
A basilisk comes into view.
The basilisk bites you!
* * * LOW HITPOINT WARNING * * *
The cane toad stings you!
* * * LOW HITPOINT WARNING * * *
The seven-headed hydra bites you!
* * * LOW HITPOINT WARNING * * *
The seven-headed hydra bites you.
* * * LOW HITPOINT WARNING * * *
The seven-headed hydra bites you.
* * * LOW HITPOINT WARNING * * *
The seven-headed hydra bites you but does no damage. x2
The seven-headed hydra bites you.
* * * LOW HITPOINT WARNING * * *
The seven-headed hydra bites you but does no damage.
The cane toad stings you!
You die...

..................####
............l........#..
.........................
..........................
...........#.............#
..........#.............##
...........#.#...###...)..
........FlD.##.#.# #......
......8.l@..#######.......
...8..†.F8..## #.#......
?....†8......# ##.......
.!..........## ##......
..8.8.$.8†8..# #......
.......†....## ....#P.
......8.....# ...
#..8.....8..# ...
#.....8...... #..


You could see a seven-headed hydra, a komodo dragon, 2 cane toads and 2
basilisks.

Vanquished Creatures
  Gastronok (D:9)
  Snorg (Lair:3)
  2 hydras
  A catoblepas (Lair:4)
  A two-headed ogre (D:8)
  A skyshark (Lair:3)
  Amaemon (Lair:2)
  Pikel (D:7)
  4 elephants (Lair:4)
  2 black mambas
  10 cane toads
  An orange demon (Lair:2)
  3 torpor snails
  A rime drake (D:9)
  5 komodo dragons
  2 merfolk (Lair:2)
  10 blink frogs
  10 dream sheep (Lair:3)
  A wraith (D:9)
  44 yaks
  7 wyverns
  3 basilisks
  Menkaure (D:7)
  A steam dragon (D:8)
  14 water moccasins
  Duvessa (D:7)
  Edmund (D:6)
  An orc warrior (D:8)
  3 sky beasts
  A black bear (D:5)
  6 ice beasts
  2 ogres
  7 wolves
  A centaur (D:9)
  2 lemures (D:7)
  A phantom (D:6)
  12 bullfrogs
  2 kobold brigands (D:9)
  A necrophage (D:5)
  A gnoll sergeant (D:9)
  4 scorpions
  Dowan (D:7)
  4 wights (D:7)
  16 killer bees
  4 howler monkeys
  3 electric eels
  3 hounds
  A gnoll bouda (D:5)
  A jelly (D:8)
  3 orc priests
  Crazy Yiuf (D:2)
  2 sleepcaps (D:7)
  5 iguanas
  4 orc wizards
  A hound skeleton (D:5)
  Robin (D:2)
  8 gnolls
  6 adders
  A white imp (D:8)
  An ufetubus (D:5)
  3 dart slugs
  30 orcs
  10 ball pythons
  12 bats
  9 endoplasms
  4 giant cockroaches
  19 goblins
  14 hobgoblins
  3 jackals
  7 quokkas
  3 frilled lizards
  12 kobolds
  8 rats
  2 butterflies (Lair:4)
376 creatures vanquished.

Vanquished Creatures (others)
  35 fulminant prisms
35 creatures vanquished.

Grand Total: 411 creatures vanquished

Notes
Turn   | Place    | Note
-------+----------+-------------------------------------------
     0 | D:1      | pkoi the Draconian Conjurer began the quest for the Orb.
     0 | D:1      | Reached XP level 1. HP: 14/14 MP: 3/3
    21 | D:1      | Found Plog's General Store.
   301 | D:1      | Reached XP level 2. HP: 20/20 MP: 3/5
   323 | D:1      | Found Jopyanir's Book Shop.
   808 | D:1      | Learned a level 2 spell: Searing Ray
  1121 | D:1      | Reached skill level 5 in Conjurations
  1123 | D:1      | Reached XP level 3. HP: 26/26 MP: 2/6
  1333 | D:2      | Noticed Robin
  1859 | D:2      | Found a faded altar of an unknown god.
  2005 | D:2      | Identified the +9 spear "Fecriw" {venom, *Noise rN+ Int+6}
  2076 | D:2      | Killed Robin
  2077 | D:2      | Reached XP level 4. HP: 30/33 MP: 1/7
  2632 | D:2      | Learned a level 4 spell: Iskenderun's Mystic Blast
  2731 | D:2      | Found a runed translucent door.
  2732 | D:2      | Noticed Crazy Yiuf
  2963 | D:2      | Killed Crazy Yiuf
  2964 | D:2      | Reached skill level 6 in Conjurations
  3337 | D:3      | Reached XP level 5. HP: 38/38 MP: 6/8
  3519 | D:3      | Reached skill level 1 in Translocations
  4983 | D:4      | Noticed an ogre
  4991 | D:4      | Killed an ogre
  4992 | D:4      | Reached XP level 6. HP: 45/45 MP: 1/10
  5163 | D:4      | Found a shimmering altar of Xom.
  5307 | D:4      | Found Dielow Eqann's Elemental Accessories.
  5945 | D:5      | Entered Level 5 of the Dungeon
  5945 | D:5      | Noticed an ice beast
  5950 | D:5      | Killed an ice beast
  5951 | D:5      | Reached skill level 1 in Fighting
  6044 | D:5      | Your scales start taking on a pale cyan-grey colour.
  6044 | D:5      | Reached XP level 7. HP: 55/55 MP: 2/11
  6044 | D:5      | Gained mutation: You are immune to the effects of steam.
                  | [Pale Draconian growth]
  6061 | D:5      | Reached skill level 7 in Conjurations
  6150 | D:5      | Learned a level 5 spell: Iskenderun's Battlesphere
  6205 | D:5      | You are sucked into a shaft and drop 2 floors!
  6323 | D:7      | Noticed Pikel
  6390 | D:7      | Noticed Menkaure
  6397 | D:7      | Noticed Dowan
  6398 | D:7      | Killed Menkaure
  6542 | D:7      | Killed Pikel
  6542 | D:7      | Noticed Duvessa
  6543 | D:7      | Reached skill level 8 in Conjurations
  6543 | D:7      | Reached skill level 5 in Translocations
  6543 | D:7      | Reached XP level 8. HP: 63/63 MP: 6/12
  6568 | D:7      | Killed Duvessa
  6570 | D:7      | Killed Dowan
  6651 | D:7      | Noticed Prince Ribbit
  6864 | D:5      | Reached skill level 9 in Conjurations
  7161 | D:5      | Found a staircase to the Ecumenical Temple.
  7206 | D:5      | Found a burning altar of Makhleb.
  7412 | Temple   | Entered the Ecumenical Temple
  7609 | Temple   | Became a worshipper of Vehumet
  7709 | D:6      | Reached XP level 9. HP: 64/70 MP: 8/13
  8085 | D:6      | Noticed Edmund
  8103 | D:6      | Killed Edmund
  8342 | D:6      | Found a blossoming altar of Fedhas.
  9454 | D:7      | Reached skill level 10 in Conjurations
  9525 | D:7      | Reached skill level 5 in Fighting
  9674 | D:7      | Learned a level 4 spell: Fulminant Prism
  9972 | D:8      | Reached * piety under Vehumet
  9972 | D:8      | Offered knowledge of Foxfire by Vehumet.
  9984 | D:8      | Reached skill level 1 in Hexes
 10158 | D:8      | Identified a scroll of acquirement
 10532 | D:8      | Found a hide-covered altar of Uskayaw.
 10628 | D:8      | Found a shadowy altar of Dithmenos.
 10755 | D:9      | Noticed a rime drake
 10758 | D:9      | Reached XP level 10. HP: 71/81 MP: 9/17
 10774 | D:8      | Reached skill level 5 in Spellcasting
 11047 | D:8      | Reached skill level 5 in Dodging
 11050 | D:8      | HP: 3/83 [wolf (4)]
 11522 | D:9      | Noticed a two-headed ogre
 11529 | D:8      | Killed a two-headed ogre
 12216 | D:9      | Offered knowledge of Scorch by Vehumet.
 12234 | D:9      | Reached ** piety under Vehumet
 12258 | D:9      | Reached skill level 11 in Conjurations
 12469 | D:9      | Found a bloodstained altar of Trog.
 12538 | D:9      | Reached XP level 11. HP: 51/89 MP: 2/20
 12701 | D:9      | Reached skill level 5 in Hexes
 12819 | D:9      | Found a staircase to the Lair.
 13027 | D:9      | Noticed Gastronok
 13043 | D:9      | Killed Gastronok
 13082 | D:9      | Offered knowledge of Static Discharge by Vehumet.
 13086 | D:9      | Reached skill level 12 in Conjurations
 13706 | Lair:1   | Entered Level 1 of the Lair of Beasts
 13741 | Lair:1   | Reached *** piety under Vehumet
 13963 | Lair:1   | Acquired a +6 ring of intelligence
 14184 | Lair:1   | Reached skill level 13 in Conjurations
 14274 | Lair:1   | Offered knowledge of Stone Arrow by Vehumet.
 14991 | Lair:2   | Noticed Amaemon
 15249 | Lair:2   | Killed Amaemon
 15255 | Lair:2   | Reached skill level 14 in Conjurations
 15542 | Lair:2   | Found a staircase to the Shoals.
 15852 | Lair:3   | Reached XP level 12. HP: 96/96 MP: 21/21
 16045 | Lair:3   | Found a stormy altar of Qazlal.
 16053 | Lair:3   | Reached skill level 15 in Conjurations
 16239 | Lair:3   | Reached **** piety under Vehumet
 16274 | Lair:3   | Found a staircase to the Snake Pit.
 16341 | Lair:3   | Noticed Snorg
 16343 | Lair:3   | Offered knowledge of Hailstorm by Vehumet.
 16350 | Lair:3   | Killed Snorg
 16558 | Lair:3   | Identified the ring "Oheafim" {rElec rN+}
 16726 | Lair:3   | Noticed a five-headed hydra
 16731 | Lair:3   | Killed a five-headed hydra
 16786 | Lair:3   | Reached skill level 16 in Conjurations
 17166 | Lair:4   | Noticed a catoblepas
 17236 | Lair:4   | Noticed a seven-headed hydra
 17242 | Lair:4   | Killed a seven-headed hydra
 17491 | Lair:4   | Killed a catoblepas
 17526 | Lair:4   | Reached skill level 5 in Stealth
 17871 | Lair:4   | Reached XP level 13. HP: 102/102 MP: 7/22
 18081 | Lair:4   | Reached skill level 17 in Conjurations
 18414 | Lair:5   | Entered Level 5 of the Lair of Beasts
 18682 | Lair:5   | Reached ***** piety under Vehumet
 18682 | Lair:5   | Offered knowledge of Yara's Violent Unravelling by Vehumet.
 18763 | Lair:5   | Slain by a cane toad

Illustrated notes

Levels and vault maps discovered:
D:1:      amcnicky_arrival_wind_blow, layout_loops_ring, serial_shops, shop,
          shop, dk_noncrumbling_2
D:2:      layout_basic, hellmonk_ecumenical_altar_run_dry,
          minmay_quadrilaterals, uniq_crazy_yiuf_cottage, uniq_robin
D:3:      minmay_chambers_of_twos, layout_basic, roderic_batcave,
          minmay_fountain_box, hangedman_decor_growths
D:4:      layout_gridville, mainiacjoe_overflow_catwalk, nicolae_elemental_shop
D:5:      layout_rooms, makhleb_blood_cavern_becter,
          minmay_temple_entry_proselytizer
D:6:      layout_basic, mainiacjoe_overflow_alcove_1, uniq_edmund
D:7:      layout_loops_ring, minmay_misc_feat_square,
          chequers_serial_rivers_large_b, kennysheep_opposing_triangles,
          uniq_pikel, uniq_menkaure, uniq_prince_ribbit1, uniq_duvessa
D:8:      layout_gridville, lemuel_coloured_pillars_altar,
          general_overflow_altar
D:9:      layout_irregular_city, mainiacjoe_overflow_small_starburst,
          hellmonk_lair_entry_icy, kennysheep_small_square, uniq_gastronok
Temple:   regret_index_temple_generic_petals
Lair:1:   layout_cave_pods, small_statue_intersection, serial_bayou_shore_a,
          infiniplex_staircase_pool_2, lemuel_fruit_tree
Lair:2:   layout_chaotic_city, elwin_shoals_entry_rooms, uniq_amaemon
Lair:3:   layout_cave_pods, dummy_snake_entry, basic_altar,
          serial_bayou_shore_b, infiniplex_staircase_pool, serial_bayou_shore_b,
          uniq_snorg
Lair:4:   layout_layer_cave, pond, lemuel_fruit_fields, grunt_megastairs_2
Lair:5:   grunt_lair_end_beastmaster, layout_gridlike, slime_entry_2,
          kennysheep_basilisk_garden, uniq_josephine

Skill      XL: |  1  2  3  4  5  6  7  8  9 10 11 12 13 |
---------------+----------------------------------------+-----
Conjurations   | 5 6 8 9 10 11 14 16 17 | 17.7
Translocations | 2 3 5 6 |  6.0
Spellcasting   | 3 4 6 |  6.0
Fighting       | 2 3 5 6 |  6.0
Dodging        | 3 4 6 |  6.0
Hexes          | 1 4 6 |  6.0
Stealth        | 6 |  6.0

Action                     |  1- 3 |  4- 6 |  7- 9 | 10-12 | 13-15 || total
---------------------------+-------+-------+-------+-------+-------++-------
  Melee: Dagger            |    24 |       |       |       |       ||    24
         Unarmed           |     7 |       |       |       |       ||     7
         Tailslap          |     1 |     2 |     3 |    10 |     1 ||    17
         Punch             |     1 |       |       |     1 |       ||     2
         Staff             |    12 |       |       |       |       ||    12
         Spear             |       |    14 |    60 |    50 |     2 ||   126
   Cast: Magic Dart        |    86 |   140 |   140 |   256 |    47 ||   669
         Searing Ray       |     2 |     6 |    19 |     6 |       ||    33
         Iskenderun's Myst |       |       |     3 |    44 |    14 ||    61
         Iskenderun's Batt |       |       |     8 |    53 |     5 ||    66
         Fulminant Prism   |       |       |       |    24 |    11 ||    35
Ability: Breathe Steam     |       |       |     2 |     3 |       ||     5
  Evoke: Wand              |       |       |       |     1 |       ||     1
    Use: Scroll            |       |    12 |     4 |     8 |       ||    24
         Potion            |       |     1 |       |       |       ||     1
 Armour: Skin              |    19 |     7 |    16 |    40 |    15 ||    97
  Dodge: Dodged            |    30 |    14 |    33 |   102 |    17 ||   196
